 Dungeon Crawl Stone Soup version 0.16.0-8-gd9ae3a8 (console) character file.

5551 Monkaria the Carver (level 10, -12/75 HPs)
             Began as a Minotaur Chaos Knight on Mar 16, 2015.
             Mangled by a red ugly thing (20 damage)
             ... on level 11 of the Dungeon.
             The game lasted 00:12:09 (7791 turns).

Monkaria the Carver (Minotaur Chaos Knight)         Turns: 7791, Time: 00:12:09

Health: -12/75     AC: 13    Str: 18    XL:     10   Next: 44%
Magic:  4/4        EV: 11    Int:  9    God:    Xom [.*....]
Gold:   264        SH:  0    Dex: 12    Spells: 0 memorised, 9 levels left

rFire  . . .     SeeInvis +     l - +0 long sword
rCold  + . .     Clarity  .     o - +3 ring mail of the Poles {rElec rPois SInv}
rNeg   . . .     SustAb   .     (no shield)
rPois  +         Gourm    .     A - +0 hat
rElec  +         Spirit   .     (no cloak)
rCorr  .         Warding  .     g - +1 pair of gloves
rMut   .         Stasis   .     (no boots)
MR     .....                    (no amulet)
Stlth  +.........               (no ring)
                                G - ring of protection from cold

@: confused, not resistant to hostile enchantments, very unstealthy
A: retaliatory headbutt, horns 2, camouflage 1, frail 1
a: Renounce Religion


You were on level 11 of the Dungeon.
You worshipped Xom.
You were a plaything of Xom.
You were not hungry.

You visited 1 branch of the dungeon, and saw 11 of its levels.

You collected 548 gold pieces.
You spent 284 gold pieces at shops.

Inventory:

Hand weapons
 a - a +0 falchion of chaos
 l - a +0 long sword (weapon)
 p - a +0 blowgun
Missiles
 q - 49 poisoned needles
Armour
 g - a +1 pair of gloves (worn)
 o - the +3 ring mail of the Poles (worn) {rElec rPois SInv}
   (You found it on level 5 of the Dungeon)

   It insulates you from electricity.
   It protects you from poison.
   It enhances your eyesight.
 A - a +0 hat (worn)
 I - a cursed +0 crystal plate armour
Jewellery
 D - an uncursed ring of ice
 G - a ring of protection from cold (left hand)
Magical devices
 v - a wand of enslavement (9)
 x - a wand of cold (9)
 E - a wand of flame (20)
 F - a wand of hasting (3)
 H - a wand of cold (4)
 J - a wand of draining (3)
 L - a wand of fireball (4)
Scrolls
 e - 10 scrolls of identify
 j - a scroll of enchant armour
 k - 7 scrolls of remove curse
 m - 3 scrolls of enchant weapon
 n - 2 scrolls of amnesia
 r - a scroll of recharging
 s - 4 scrolls of immolation
 t - 3 scrolls of fog
 u - 8 scrolls of teleportation
 y - a scroll of noise
 B - 2 scrolls of magic mapping
 C - a scroll of fear
Potions
 b - 3 potions of curing
 h - 2 potions of agility
 w - 2 potions of invisibility
 z - a potion of ambrosia
 K - 2 potions of lignification {unknown}
 M - 2 potions of cancellation {unknown}
Comestibles
 c - 12 bread rations
 d - 8 slices of pizza
 f - 4 meat rations
 i - 4 beef jerkies


   Skills:
 - Level 6.7 Fighting
 + Level 13.6 Long Blades
 + Level 11.4 Armour
 - Level 1.1 Dodging


You had 9 spell levels left.
You didn't know any spells.

Dungeon Overview and Level Annotations

Branches:
Dungeon (11/15)            Temple (0/1) D:7
   Lair: D:8-11         Orc: D:9-12

Altars:
Elyvilon
Fedhas
Kikubaaqudgha
Okawaru
Qazlal
Ru
Sif Muna
Trog

Shops:
D:6 ?%?   D:7 [=?*   D:11 (

Annotations:
D:10 exclusion: ice statue


Innate Abilities, Weirdness & Mutations

You reflexively headbutt those who attack you in melee.
You have a pair of horns on your head.
Your skin changes colour to match your surroundings (Stealth).
You are frail (-10% HP).


Message History

Found a stone staircase leading up.
The red ugly thing kicks you.
You are engulfed in flames!!
You hit the red ugly thing.
The red ugly thing is lightly wounded.
The red ugly thing kicks you!
You are engulfed in flames!!
* * * LOW HITPOINT WARNING * * *
Unknown command.
A worker ant comes into view.
The red ugly thing kicks you but does no damage.
The worker ant twitches its antennae in your direction.
There is a stone staircase leading up here.
Read which item? (? for menu, Esc to quit)
Okay, then.
Drink which item? (? for menu, Esc to quit)
You are confused.
You feel invigorated. The red ugly thing kicks you!
* * * LOW HITPOINT WARNING * * *
You are engulfed in flames!!
You die...
Xom guffaws!

...#. ...... #####+#
..8. #.....# .
#+##.+####.....# ...
+.8.∩.8........+
....
#..+...§##Y....#
....##+#8Y..##.....#
#....s..........#
#..@u##+###.....#
#....# #......+
+.a..+ .......#
#....# +.......#
#....# #########
######


You could see a red ugly thing, a sky beast, a scorpion and a worker ant.

Vanquished Creatures
  Fannar (D:10)
  A basilisk (D:9)
  A hog (D:7)
  A human (D:7)
  2 hippogriffs
  3 ice beasts (D:10)
  2 soldier ants
  2 orc warriors
  An eye of draining (D:9)
  2 sky beasts (D:5)
  2 phantoms
  3 ogres
  Sigmund (D:5)
  4 giant frogs
  2 scorpions (D:4)
  2 jellies
  7 killer bees
  5 orc priests
  2 centaur zombies
  6 crimson imps
  A giant frog zombie (D:10)
  2 quasits
  A giant frog skeleton (D:10)
  3 goliath beetles
  10 orc wizards
  3 centaur skeletons
  2 iguanas
  A gnoll shaman (D:10)
  5 hounds
  Natasha (D:3)
  3 sheep (D:7)
  9 worker ants
  A mummy (D:8)
  4 worker ant zombies
  8 gnolls
  9 adders
  A shadow imp (D:7)
  3 giant mites
  2 worms
  An adder skeleton (D:5)
  6 giant geckos
  24 orcs
  A ball python (D:2)
  A bat zombie (D:5)
  5 giant cockroaches
  12 goblins
  19 hobgoblins
  A quokka (D:2)
  15 bats
  A giant gecko skeleton (D:8)
  7 giant newts
  18 kobolds
  A quokka zombie (D:7)
  13 rats
  A ballistomycete (D:7)
245 creatures vanquished.

Vanquished Creatures (collateral kills)
  Edmund (D:5)
  A giant gecko (D:6)
2 creatures vanquished.

Vanquished Creatures (others)
  A giant mite (D:6)
  A giant spore (D:7)
2 creatures vanquished.

Grand Total: 249 creatures vanquished

Notes
Turn   | Place    | Note
--------------------------------------------------------------
     0 | D:1      | Monkaria, the Minotaur Chaos Knight, began the quest for the Orb.
     0 | D:1      | Reached XP level 1. HP: 19/19 MP: 1/1
    99 | D:1      | Reached skill level 4 in Fighting
    99 | D:1      | Reached XP level 2. HP: 25/27 MP: 1/1
   346 | D:1      | XOM: divination: detect items
   523 | D:1      | XOM: colour smoke trail
   658 | D:1      | Reached XP level 3. HP: 26/33 MP: 2/2
   703 | D:1      | XOM is BORED!
   703 | D:1      | XOM: harmless Erth miscast
   823 | D:2      | Reached skill level 5 in Long Blades
   859 | D:2      | XOM: divination: detect creatures
   862 | D:2      | XOM: god gift: long sword {god gift}
  1079 | D:2      | XOM: colour smoke trail
  1146 | D:2      | XOM: 5-stop teleportation journey
  1186 | D:2      | XOM: colour smoke trail
  1506 | D:2      | XOM: colour smoke trail
  1615 | D:3      | Reached XP level 4. HP: 39/41 MP: 2/2
  1629 | D:3      | Found a stormy altar of Qazlal.
  1630 | D:3      | Noticed an earth elemental
  1635 | D:3      | Noticed an air elemental
  1937 | D:3      | XOM: harmless Divn miscast
  1953 | D:3      | Found a sacrificial altar of Ru.
  1981 | D:3      | Reached skill level 5 in Fighting
  2050 | D:3      | Noticed Natasha
  2059 | D:3      | XOM: mild Pois miscast
  2063 | D:3      | Killed Natasha
  2063 | D:3      | Reached skill level 6 in Long Blades
  2063 | D:3      | Reached XP level 5. HP: 40/48 MP: 2/2
  2137 | D:3      | Noticed a fire elemental
  2137 | D:3      | Noticed a water elemental
  2238 | D:3      | XOM: divination: detect creatures
  2583 | D:4      | XOM: confuse monster(s)
  2628 | D:4      | Noticed a water moccasin
  2784 | D:4      | Reached XP level 6. HP: 35/57 MP: 3/3
  2789 | D:4      | XOM: colour smoke trail
  2831 | D:4      | XOM: divination: detect items
  2963 | D:4      | Reached skill level 7 in Long Blades
  3042 | D:5      | Entered Level 5 of the Dungeon
  3046 | D:5      | XOM: god gift: 63 gold pieces
  3054 | D:5      | Noticed Sigmund
  3106 | D:5      | Killed Sigmund
  3219 | D:5      | Reached skill level 8 in Long Blades
  3219 | D:5      | Reached XP level 7. HP: 43/64 MP: 3/3
  3265 | D:5      | Got a crude ring mail
  3276 | D:5      | Identified the +3 ring mail of the Poles {rElec rPois SInv} (You found it on level 5 of the Dungeon)
  3339 | D:5      | XOM: give mutation
  3339 | D:5      | Gained mutation: You are frail (-10% HP). [Xom's mischief]
  3366 | D:5      | Gained mutation: Your skin changes colour to match your surroundings (Stealth). [mutagenic meat]
  3403 | D:5      | Noticed Edmund
  3409 | D:5      | XOM: confuse monster(s)
  3430 | D:5      | Killed Edmund
  3430 | D:5      | Reached skill level 9 in Long Blades
  3863 | D:5      | Reached XP level 8. HP: 63/63 MP: 3/3
  3880 | D:5      | Found an ancient bone altar of Kikubaaqudgha.
  3952 | D:5      | You fall through a shaft!
  3962 | D:6      | Found Baiponn's Food Boutique.
  4051 | D:6      | Found Pnocomou's Magic Scroll Emporium.
  4057 | D:6      | Bought a scroll of identify for 26 gold pieces
  4057 | D:6      | Bought a scroll of magic mapping for 45 gold pieces
  4057 | D:6      | Bought a scroll of remove curse for 39 gold pieces
  4057 | D:6      | Bought a scroll of teleportation for 39 gold pieces
  4057 | D:6      | Bought a scroll of fear for 45 gold pieces
  4079 | D:6      | Reached skill level 5 in Armour
  4083 | D:6      | Found a white marble altar of Elyvilon.
  4157 | D:6      | XOM: noise
  4212 | D:6      | Found Peschean's Magic Scroll Shoppe.
  4217 | D:6      | Reached skill level 10 in Long Blades
  4226 | D:6      | Bought a scroll of blinking for 90 gold pieces
  4332 | D:6      | Found a deep blue altar of Sif Muna.
  4446 | D:6      | XOM: potion effect (curing)
  4491 | D:6      | XOM: enchant monster (good)
  4540 | D:7      | Found Uxioliat's Jewellery Emporium.
  4576 | D:7      | XOM: potion effect (berserk rage)
  4577 | D:7      | XOM: potion effect (heal wounds)
  4753 | D:7      | XOM: divination: detect items
  4755 | D:7      | Found Croos' Antique Armour Boutique.
  4822 | D:7      | XOM: silly message
  4832 | D:7      | XOM: silly message
  4834 | D:7      | XOM: potion effect (might)
  4934 | D:7      | Reached skill level 11 in Long Blades
  5015 | D:7      | Reached XP level 9. HP: 55/70 MP: 4/4
  5074 | D:7      | XOM: harmless Necr miscast
  5469 | D:7      | Found Venwot Geok's Magic Scroll Shoppe.
  5547 | D:7      | Found Fexuol's General Store.
  5591 | D:7      | Found a staircase to the Ecumenical Temple.
  5914 | D:8      | XOM: medium Divn miscast
  6084 | D:8      | Found an iron altar of Okawaru.
  6085 | D:8      | Found a bloodstained altar of Trog.
  6249 | D:8      | Found an ancient bone altar of Kikubaaqudgha.
  6320 | D:8      | Reached skill level 12 in Long Blades
  6322 | D:8      | XOM: chaos upgrade
  6701 | D:9      | XOM: polymorph hippogriff -> basilisk
  6740 | D:9      | XOM: scenery: 2 doors open, 1 doors close
  6770 | D:9      | XOM: harmless Summ miscast
  6798 | D:9      | Reached skill level 10 in Armour
  6881 | D:9      | XOM: polymorph worker ant -> gnoll
  6894 | D:9      | Noticed a queen ant
  6919 | D:10     | Entered Level 10 of the Dungeon
  7136 | D:10     | Reached XP level 10. HP: 73/75 MP: 4/4
  7324 | D:10     | Noticed a centaur skeleton
  7326 | D:10     | Reached skill level 13 in Long Blades
  7337 | D:10     | XOM: enchant monster (good)
  7346 | D:10     | Killed a centaur skeleton
  7541 | D:10     | Noticed Fannar
  7588 | D:10     | XOM: enchant monster (good)
  7628 | D:10     | Killed Fannar
  7660 | D:10     | Noticed an ice statue
  7746 | D:9      | Found a blossoming altar of Fedhas.
  7777 | D:9      | You fall through a shaft for 2 floors!
  7777 | D:11     | Noticed a red ugly thing
  7778 | D:11     | Found Braito's Weapon Shop.
  7791 | D:11     | Mangled by a red ugly thing

Action                   |  1- 3 |  4- 6 |  7- 9 | 10-12 || total
-------------------------+-------+-------+-------+-------++-------
Melee: Falchion          |    61 |       |       |       ||    61
       Long sword        |    22 |   107 |   379 |   135 ||   643
 Fire: Blowgun           |       |       |       |     5 ||     5
Evoke: Wand              |       |     2 |       |       ||     2
  Use: Potion            |       |     8 |     3 |     2 ||    13
       Scroll            |       |       |    12 |       ||    12
 Stab: Paralysed         |       |     1 |       |       ||     1
       Sleeping          |       |     1 |       |       ||     1
       Confused          |       |     1 |     2 |       ||     3
       Distracted        |       |       |     1 |       ||     1
       Petrifying        |       |       |       |     1 ||     1
  Eat: Chunk             |     2 |     5 |    14 |     3 ||    24
